 Dungeon Crawl Stone Soup version 0.32-a0-391-gce5c0aa (webtiles) character file.

Game seed: 6933424039933004483

2235 tkql the Slasher (level 9, -2/71 HPs)
             Began as a Coglin Gladiator on Feb 19, 2024.
             Was a Believer of Okawaru.
             Slain by a vampire mosquito (6 damage)
             ... on level 6 of the Dungeon.
             The game lasted 00:09:38 (5622 turns).

tkql the Slasher (Coglin Gladiator)                 Turns: 5622, Time: 00:09:39

Health: -2/71      AC: 10    Str: 15    XL:     9   Next: 36%
Magic:  9/9        EV: 18    Int:  7    God:    Okawaru [**....]
Gold:   359        SH:  0    Dex: 26    Spells: 8/8 levels left

rFire   . . .        a - +0 long sword {Gyeongja}
rCold   . . .        t - +0 rapier {Otto}
rNeg    . . .        y - +0 steam dragon scales
rPois   .            c - +0 helmet
rElec   .            (no cloak)
rCorr   .            (no gloves)
SInv    .            (no boots)
Will    .....        (no amulet)
Stlth   ++           B - +4 ring of protection
HPRegen 0.31/turn    r - +6 ring of dexterity
MPRegen 0.11/turn

%: no passive effects
@: invisible, revving, stiff-legged, very slow
A: off-hand wielding, slow wielding, warmup strikes, warmup strides
a: Renounce Religion, Heroism


You were on level 6 of the Dungeon.
You worshipped Okawaru.
Okawaru was pleased with you.
You visited 2 branches of the dungeon, and saw 8 of its levels.
You also visited: Ossuary.

You collected 359 gold pieces.

Inventory:

Hand Weapons
 a - a +0 long sword (weapon) {Gyeongja}
 t - a +0 rapier (worn) {Otto}
Missiles
 d - 3 throwing nets (quivered)
 e - a javelin
Armour
 c - a +0 helmet (worn)
 y - +0 steam dragon scales (worn)
Jewellery
 i - a +5 ring of evasion
 r - a +6 ring of dexterity (right grasper)
 B - a +4 ring of protection (left grasper)
Wands
 p - a wand of flame (12)
 s - a wand of roots (9)
 x - a wand of mindburst (13)
Scrolls
 b - a scroll of blinking {unknown}
 h - a scroll of fear {unknown}
 k - 3 scrolls of enchant armour {unknown}
 q - a scroll of enchant weapon {unknown}
 v - 3 scrolls of identify {unknown}
 w - 4 scrolls of teleportation {unknown}
 z - 2 scrolls of noise {unknown}
 A - a scroll of fog {unknown}
 C - a scroll of acquirement {unknown}
 D - a scroll of silence {unknown}
Potions
 g - a potion of might {unknown}
 j - 2 potions of mutation {unknown}
 l - 2 potions of brilliance {unknown}
 m - 6 potions of curing {unknown}
 n - a potion of cancellation {unknown}
 o - a potion of lignification {unknown}
 u - 2 potions of enlightenment {unknown}


   Skills:
 + Level 6.7 Fighting
 + Level 7.0 Long Blades
 + Level 4.4 Throwing
 - Level 1.1 Armour
 + Level 6.5 Dodging
 + Level 0.0 Invocations
 + Level 0.0 Evocations


You had 8 spell levels left.
You didn't know any spells.
Your spell library contained the following spells:

 Spells                   Type           Power      Damage    Failure   Level
 Apportation              Tloc           0%         N/A       43%         1
 Blink                    Tloc           0%         N/A       56%         2
 Jinxbite                 Hex            0%         N/A       56%         2
 Lesser Beckoning         Tloc           0%         N/A       56%         2
 Momentum Strike          Conj/Tloc      0%         3d8       56%         2
 Dazzling Flash           Conj/Hex       0%         N/A       80%         3
 Mephitic Cloud           Conj/Alch/Air  0%         N/A       80%         3
 Alistair's Intoxication  Alch           0%         N/A       100%        5
 Curse of Agony           Necr           0%         N/A       100%        5
 Silence                  Hex/Air        0%         N/A       100%        5


Dungeon Overview and Level Annotations

Branches:
Dungeon (7/15)             Temple (1/1) D:4         Ossuary (visited)

Altars:
Ashenzari
Cheibriados
Dithmenos
Elyvilon
Fedhas
Gozag
Hepliaklqana
Kikubaaqudgha
Makhleb
Nemelex Xobeh
Okawaru
Qazlal
Ru
Sif Muna
Trog
Vehumet
Wu Jian
Xom
Zin
The Shining One

Annotations:
D:3 ooops's ghost, weakling DsSh


Innate Abilities, Weirdness & Mutations

You can wield a second weapon in your off-hand.
It takes a long time for you to wield or remove held weapons.
Your first few attacks do less damage.
Your first movements take longer.


Message History

The vampire mosquito bites you!
The vampire mosquito draws strength from your injuries!
The vampire mosquito completely misses you.
You climb upwards.
There is a stone staircase leading down here.
You miss the vampire mosquito with your +0 long sword.
The vampire mosquito is heavily damaged.
You barely miss the vampire mosquito with your +0 rapier.
The vampire mosquito completely misses you.
The vampire mosquito bites you!
The vampire mosquito draws strength from your injuries!
The vampire mosquito completely misses you.
The vampire mosquito bites you.
* * * LOW HITPOINT WARNING * * *
The vampire mosquito draws strength from your injuries!
The vampire mosquito bites you!
* * * LOW HITPOINT WARNING * * *
The vampire mosquito draws strength from your injuries!
The vampire mosquito completely misses you.
You fade into invisibility!
The vampire mosquito completely misses you.
The vampire mosquito bites you!
* * * LOW HITPOINT WARNING * * *
The vampire mosquito draws strength from your injuries!
The vampire mosquito closely misses you.
The vampire mosquito misses you.
The vampire mosquito completely misses you.
The vampire mosquito misses you.
You catch the helpless vampire mosquito completely off-guard!
You hit the vampire mosquito but do no damage.
The vampire mosquito is moderately damaged.
You puncture the vampire mosquito with your +0 rapier!
The vampire mosquito completely misses you.
The vampire mosquito bites you but does no damage.
The vampire mosquito misses you.
You barely miss the vampire mosquito with your +0 long sword.
The vampire mosquito is severely damaged.
You miss the vampire mosquito with your +0 rapier.
The vampire mosquito bites you.
You die...

#.# #..#....# #. #.#
#..#....##### #.#
#..#......... #.#
#..#.......#. #.#
###..#....#..#. #.#
#.........#..#. #.#
###.......#..+.
###.#########......#..#.
#......@y<..............
#.#....yy...............
#.#.#####.#####....####+
#.#.....#............<..
#.#.###.#.########.##...
#.#.###.#.########.##..#
##.#.....[.#...........##
#........###########..##.
##..####.............##..


You could see 3 vampire mosquitoes.

Vanquished Creatures
  Maggie (D:6)
  Sigmund (D:2)
  Menkaure (D:6)
  A black bear (D:4)
  2 ogres
  A phantom (D:4)
  A weeping skull (Ossuary)
  3 scorpions (D:5)
  5 water moccasin zombies (Ossuary)
  A quasit (D:3)
  A bombardier beetle (D:3)
  2 hounds
  4 orc priests
  2 sleepcaps
  2 iguanas (D:5)
  2 orc wizards
  2 crocodile zombies (Ossuary)
  A bullfrog simulacrum (Ossuary)
  3 mummies
  6 adders
  A white imp (D:6)
  2 ufetubi (D:6)
  9 adder zombies (Ossuary)
  3 ribbon worms
  A dart slug (D:3)
  12 orcs
  6 bats
  11 endoplasms
  2 giant cockroaches
  5 gnoll zombies (Ossuary)
  7 goblins
  8 hobgoblins
  6 jackals
  10 kobolds
  4 quokkas
  3 ball pythons
  3 frilled lizards (D:1)
  7 jackal zombies (Ossuary)
  2 orc zombies (Ossuary)
  7 rats
151 creatures vanquished.

Notes
Turn   | Place    | Note
-------+----------+-------------------------------------------
     0 | D:1      | tkql the Coglin Gladiator began the quest for the Orb.
     0 | D:1      | Reached XP level 1. HP: 16/16 MP: 1/1
    48 | D:1      | Reached XP level 2. HP: 22/22 MP: 2/2
   296 | D:1      | Reached XP level 3. HP: 28/28 MP: 3/3
   581 | D:1      | Reached XP level 4. HP: 34/34 MP: 4/4
   942 | D:2      | Noticed Sigmund
   955 | D:2      | Killed Sigmund
   956 | D:2      | Reached skill level 4 in Long Blades
   956 | D:2      | Reached XP level 5. HP: 39/42 MP: 5/5
   956 | D:2      | Reached XP level 6. HP: 45/48 MP: 6/6
  1515 | D:3      | HP: 2/48 [orc/+0 club (4)]
  1970 | D:3      | Noticed ooops's ghost (weakling DsSh)
  1984 | D:3      | Found a transporter.
  2051 | D:3      | Found a transporter.
  2250 | D:3      | Reached skill level 5 in Long Blades
  2250 | D:3      | Reached XP level 7. HP: 48/55 MP: 7/7
  2492 | D:4      | Found a staircase to the Ecumenical Temple.
  2531 | Temple   | Entered the Ecumenical Temple
  2550 | Temple   | Became a worshipper of Warmaster Okawaru
  2729 | D:4      | Reached skill level 5 in Fighting
  2729 | D:4      | Reached skill level 1 in Armour
  3264 | D:5      | Entered Level 5 of the Dungeon
  3295 | D:5      | Reached skill level 5 in Dodging
  3469 | D:5      | Reached * piety under Okawaru
  3470 | D:5      | Reached XP level 8. HP: 62/62 MP: 8/8
  4119 | D:6      | Noticed Maggie
  4128 | D:6      | Killed Maggie
  4129 | D:6      | Reached skill level 6 in Long Blades
  4258 | D:6      | Noticed Menkaure
  4264 | D:6      | Killed Menkaure
  4564 | D:6      | Found a sand-covered staircase.
  4575 | Ossuary  | Entered an ossuary
  4622 | Ossuary  | Reached ** piety under Okawaru
  4623 | Ossuary  | Reached XP level 9. HP: 70/70 MP: 9/9
  4882 | D:6      | Reached skill level 7 in Long Blades
  5622 | D:6      | Slain by a vampire mosquito

Illustrated notes

Levels and vault maps discovered:
D:1:      dpeg_arrival_subterranean_lakeside_camping, layout_loops_ring,
          roderic_roman_lattice, minmay_pentomino_t4
D:2:      layout_loops_ring, uniq_sigmund
D:3:      layout_rooms, gammafunk_ghost_stat_death
D:4:      layout_basic, temple_pool_b
D:5:      layout_basic
D:6:      layout_basic, gup_ossuary_entry_pyramid, uniq_menkaure, uniq_maggie
D:7:      layout_loops_ring, nicolae_yredelemnul_ghost_church,
          chequers_serial_rivers_micro_b
Temple:   nicolae_temple_slightly_damp_pantheon

Skill      XL: |  1  2  3  4  5  6  7  8  9 |
---------------+----------------------------+-----
Dodging        | 3 4 5 6 |  6.5
Fighting       | 3 4 5 6 |  6.7
Long Blades    | 4 5 6 7 |  7.0
Armour         | 1 |  1.1
Throwing       | 2 3 4 |  4.4

Action                     |  1- 3 |  4- 6 |  7- 9 || total
---------------------------+-------+-------+-------++-------
  Melee: Long sword        |    58 |   104 |   226 ||   388
         Dagger            |    35 |       |       ||    35
         Short sword       |     9 |    93 |    46 ||   148
         Rapier            |       |       |   166 ||   166
    Use: Potion            |       |     2 |     1 ||     3
   Stab: Sleeping          |     1 |     1 |     2 ||     4
         Invisible         |       |     1 |     1 ||     2
 Armour: Leather armour    |    18 |    51 |    26 ||    95
         Steam dragon scal |       |       |    50 ||    50
  Dodge: Dodged            |    57 |   124 |   250 ||   431

Table legend: (Time is in decaauts)
 A = Elapsed time spent in this place.
 B = Non-inter-level travel time spent in this place.
 C = Inter-level travel time spent in this place.
 D = Time resting spent in this place.
 E = Time spent auto-exploring this place.
 F = Levels seen in this place.
 G = Mean time per level.
                   A        B        C        D        E       F      G
               +--------+--------+--------+--------+--------+-----+--------+
         Total |   5817 |   5511 |    306 |    415 |   4151 |   9 |  646.3 |
       Dungeon |   5501 |   5232 |    269 |    415 |   3993 |   7 |  785.9 |
        Temple |     39 |      2 |     37 |      0 |      0 |   1 |   39.0 |
       Ossuary |    275 |    275 |      0 |      0 |    158 |   1 |  275.0 |
               +--------+--------+--------+--------+--------+-----+--------+

Top non-repeatable levels by time:
     D:6: 1282 daAuts
     D:4: 989 daAuts
     D:1: 900 daAuts
     D:5: 873 daAuts
     D:2: 811 daAuts
     D:3: 640 daAuts
 Ossuary: 275 daAuts
  Temple: 39 daAuts
     D:7: 4 daAuts
